 Dungeon Crawl Stone Soup version 0.32-a0-953-g508020473e (webtiles) character file.

Game seed: 4905092565754622420

4 bronco the Shield-Bearer (level 1, -1/19 HPs)
             Began as a Minotaur Fighter on Apr 16, 2024.
             Slain by a gnoll
             ... wielding a +0 spear
              (3 damage)
             ... on level 1 of the Dungeon.
             The game lasted 00:00:35 (173 turns).

bronco the Shield-Bearer (Minotaur Fighter)          Turns: 173, Time: 00:00:35

Health: -1/19      AC:  6    Str: 20    XL:     1   Next: 50%
Magic:  0/0        EV:  8    Int:  5    God:
Gold:   7          SH:  4    Dex:  9    Spells: 0/0 levels left

rFire   . . .        a - +0 trident
rCold   . . .        c - +0 buckler
rNeg    . . .        b - +0 scale mail
rPois   .            (helmet restricted)
rElec   .            (no cloak)
rCorr   .            (no gloves)
SInv    .            (no boots)
Will    .....        (no amulet) Stlth
                     (no ring)
HPRegen 0.23/turn    (no ring)
MPRegen 0.07/turn

%: no passive effects
@: mighty
A: horns 2, retaliatory headbutt
a: no special abilities


You were on level 1 of the Dungeon.
You visited 1 branch of the dungeon, and saw 1 of its levels.

You collected 7 gold pieces.

Inventory:

Hand Weapons
 a - a +0 trident (weapon)
Missiles
 e - 4 stones (quivered)
Armour
 b - a +0 scale mail (worn)
 c - a +0 buckler (worn)
Scrolls
 f - a scroll of brand weapon {unknown}
 g - a scroll of fear {unknown}


   Skills:
 - Level 3.6 Fighting
 + Level 2.9 Polearms
 - Level 3.6 Armour
 - Level 3.6 Shields


You couldn't memorise any spells.
You didn't know any spells.
Your spell library contained the following spells:

 Spells                   Type           Power      Damage    Failure   Level
 Apportation              Tloc           0%         N/A       88%         1
 Jinxbite                 Hex            0%         N/A       95%         2
 Alistair's Intoxication  Alch           0%         N/A       100%        5


Dungeon Overview and Level Annotations

Branches:
Dungeon (1/15)

Altars:


Innate Abilities, Weirdness & Mutations

You have a pair of horns on your head.
You reflexively headbutt those who attack you in melee.


Message History

No target in view!
g - a scroll labelled ATWUFIP LYESMU A hobgoblin and a gnoll come into view.
The gnoll shouts!
You throw a stone. The stone barely misses the hobgoblin.
The stone hits the gnoll.
The gnoll is lightly wounded.
You throw a stone.
The stone hits the hobgoblin but does no damage.
You start waiting.
A hobgoblin is nearby!
You reach to attack!
You barely miss the hobgoblin. You hit the hobgoblin.
The hobgoblin is heavily wounded.
The hobgoblin closely misses you. You block the hobgoblin's attack.
The gnoll hits you from afar with a +0 spear!
You hit the hobgoblin but do no damage.
The hobgoblin is moderately wounded.
The gnoll hits you from afar with a +0 spear.
The hobgoblin hits you.
You are too injured to fight recklessly!
You are too injured to fight recklessly!
You are too injured to fight recklessly!
You are too injured to fight recklessly!
You are too injured to fight recklessly!
You are too injured to fight recklessly!
You are too injured to fight recklessly!
You hit the hobgoblin but do no damage.
The hobgoblin is moderately wounded.
The gnoll hits you from afar with a +0 spear.
* * * LOW HITPOINT WARNING * * *
The hobgoblin hits you but does no damage.
You feel very mighty all of a sudden. You block the gnoll's attack.
You block the hobgoblin's attack.
You puncture the hobgoblin!
You kill the hobgoblin!
The gnoll hits you from afar with a +0 spear.
* * * LOW HITPOINT WARNING * * *
The gnoll hits you with a +0 spear.
You die...

... #.....##...##
#...
#.....###.†.#
#..#######.....#
#...##
..#......##.....#
##...##
................#
##...#
..###...###†....#
##...
#.#..###.....#
##..
#..#.........#
##.
#...#@...##### #.
#####g...# ##
....g.......... #
...........#### #
...........#
...........#
#######
############
#...... #......
##......


You could see a gnoll.

Vanquished Creatures
  A goblin (D:1)
  A hobgoblin (D:1)
  A frilled lizard (D:1)
  A rat (D:1)
4 creatures vanquished.

Notes
Turn   | Place    | Note
-------+----------+-------------------------------------------
     0 | D:1      | bronco the Minotaur Fighter began the quest for the Orb.
     0 | D:1      | Reached XP level 1. HP: 19/19 MP: 0/0
   173 | D:1      | Slain by a gnoll

Illustrated notes

Levels and vault maps discovered:
D:1:      tarquinn_simple_flora_water_f, layout_basic,
          hangedman_decor_diamond_cutter, eino_curves_01,
          dreamdust_mushroom_princess

Action                     || total
---------------------------++-------
  Melee: Trident           ||    12
         Headbutt          ||     1
  Throw: Stone             ||     2
    Use: Potion            ||     1
 Armour: Scale mail        ||     9
  Dodge: Dodged            ||     2
  Block: Buckler           ||     3

Table legend: (Time is in decaauts)
 A = Elapsed time spent in this place.
 B = Non-inter-level travel time spent in this place.
 C = Inter-level travel time spent in this place.
 D = Time resting spent in this place.
 E = Time spent auto-exploring this place.
 F = Levels seen in this place.
 G = Mean time per level.
                   A        B        C        D        E       F      G
               +--------+--------+--------+--------+--------+-----+--------+
         Total |    175 |    175 |      0 |      2 |    138 |   1 |  175.0 |
       Dungeon |    175 |    175 |      0 |      2 |    138 |   1 |  175.0 |
               +--------+--------+--------+--------+--------+-----+--------+

Top non-repeatable levels by time:
     D:1: 175 daAuts
